 Dungeon Crawl Stone Soup version 0.26.0-10-g1f06aea511 (webtiles) character file.

Game seed: 11477724371556513312

115598 Amaterasu the Severer (level 16, -2/106 HPs)
             Began as a Gargoyle Fighter on Feb 6, 2021.
             Was a Priest of Makhleb.
             Slain by Jorgrun
             ... wielding a +0 vorpal quarterstaff
              (5 damage)
             ... on level 1 of the Orcish Mines.
             The game lasted 00:38:29 (21920 turns).

Amaterasu the Severer (Gargoyle Fighter)           Turns: 21920, Time: 00:38:30

Health: -2/106     AC: 33    Str: 42    XL:     16   Next: 69%
Magic:  11/11      EV: 11    Int: 12    God:    Makhleb [***...]
Gold:   2471       SH: 13    Dex: 15    Spells: 15/15 levels left

rFire    + + +     SeeInvis .   n - +7 broad axe of Fortitude {antimagic, Str+8}
rCold    . . .     Faith    .   c - +1 kite shield
rNeg     + + .     Spirit   .   B - +2 scale mail {rF+}
rPois    ∞         Reflect  .   J - +1 helmet
rElec    +         Harm     .   (no cloak)
rCorr    .         Rampage  .   V - +1 pair of gloves {Dex+3}
Will     +....                  l - +2 pair of boots
Stlth    +.........             H - amulet of the Invisible Curses {rPois Regen+ MP+9 Str+4 Int-3}
HPRegen  0.67/turn              X - ring "Imuzilal" {rF++ MP+9 Str+3 Int+6 Stlth+}
MPRegen  0.12/turn              Y - ring "Rifesh" {rN+ Dex+3}

@: grasped by roots, flying, constricted
A: big wings, thin metallic scales 1, mutation resistance 1, negative energy
resistance 1, screaming 1, electricity resistance, unbreathing, petrification
resistance, miasma immunity, AC +12
a: Stop Flying, Renounce Religion, Minor Destruction, Lesser Servant of Makhleb


You were on level 1 of the Orcish Mines.
You worshipped Makhleb.
Makhleb was most pleased with you.
You visited 4 branches of the dungeon, and saw 23 of its levels.
You also visited: Trove and Bailey.

You collected 3412 gold pieces.
You spent 941 gold pieces at shops.

Inventory:

Hand Weapons
 e - a +0 vampiric broad axe
 n - the +7 broad axe of Fortitude (weapon) {antimagic, Str+8}
   (You found it in a treasure trove)

   It reduces the magical energy of the wielder, and disrupts the spells and
   magical abilities of those hit.
   Natural abilities and divine invocations are not affected.
   It affects your strength (+8).
 S - the +10 war axe of Greed {venom, rC+ rN+}
   (You bought it in a shop on level 4 of the Dungeon)

   It poisons the flesh of those it strikes.
   It protects you from cold.
   It protects you from negative energy.
 U - a +0 vorpal executioner's axe
Armour
 c - a +1 kite shield (worn)
 l - a +2 pair of boots (worn)
 B - a +2 scale mail of fire resistance (worn)
 J - a +1 helmet (worn)
 V - a +1 pair of gloves of dexterity (worn)
Jewellery
 f - an uncursed ring of see invisible
 x - an uncursed amulet of guardian spirit
 H - the amulet of the Invisible Curses (around neck) {rPois Regen+ MP+9 Str+4 Int-3}
   (You acquired it on level 10 of the Dungeon)

   [amulet of regeneration]

   It affects your strength (+4).
   It affects your intelligence (-3).
   It protects you from poison.
   It affects your magic capacity (+9).
   It increases your rate of regeneration.
 P - the ring of Qare {Ice *Contam rElec Str+3 Stlth+}
   (You found it on level 11 of the Dungeon)

   [ring of ice]

   It enhances your ice magic.
   It affects your strength (+3).
   It makes you vulnerable to fire.
   It protects you from cold.
   It insulates you from electricity.
   It causes magical contamination when unequipped.
   It makes you more stealthy.
 W - the ring "Vuojopit" {+Inv MP+9 Str+6 Dex-3}
   (You found it in a treasure trove)

   [ring of strength]

   It affects your strength (+6).
   It affects your dexterity (-3).
   It affects your magic capacity (+9).
   It lets you turn invisible.
 X - the ring "Imuzilal" (left hand) {rF++ MP+9 Str+3 Int+6 Stlth+}
   (You found it in a treasure trove)

   [ring of intelligence]

   It affects your strength (+3).
   It affects your intelligence (+6).
   It greatly protects you from fire.
   It affects your magic capacity (+9).
   It makes you more stealthy.
 Y - the ring "Rifesh" (right hand) {rN+ Dex+3}
   (You found it in a treasure trove)

   [ring of positive energy]

   It affects your dexterity (+3).
   It protects you from negative energy.
Wands
 d - a wand of flame (55)
 h - a wand of random effects (50)
 r - a wand of iceblast (8)
 v - a wand of enslavement (9)
 y - a wand of acid (2)
 D - a wand of polymorph (7)
 E - a wand of disintegration (12)
 Q - a wand of paralysis (7)
Scrolls
 a - a scroll of fear
 g - 17 scrolls of remove curse
 i - 10 scrolls of teleportation
 k - 6 scrolls of enchant armour
 m - 2 scrolls of amnesia
 p - 6 scrolls of fog
 t - 2 scrolls of magic mapping
 u - a scroll of identify
 z - 3 scrolls of enchant weapon
 N - a scroll of blinking
Potions
 b - 5 potions of invisibility
 j - 3 potions of magic
 q - 3 potions of might
 s - 6 potions of curing
 w - 4 potions of flight
 A - 3 potions of lignification
 C - a potion of cancellation
 F - 2 potions of haste
 G - 2 potions of heal wounds
 I - a potion of attraction
 R - 2 potions of resistance
Miscellaneous
 o - a phantom mirror
 L - a condenser vane
 M - a phial of floods


   Skills:
 - Level 14.0 Fighting
 * Level 16.5 Axes
 - Level 11.0 Armour
 - Level 9.0 Dodging
 - Level 3.2 Shields
 - Level 12.0 Evocations


You had 15 spell levels left.
You didn't know any spells.
Your spell library contained the following spells:

 Spells                   Type           Power        Failure   Level
 Animate Skeleton         Necr           0%           93%         1
 Apportation              Tloc           0%           93%         1
 Beastly Appendage        Tmut           0%           93%         1
 Corona                   Hex            0%           93%         1
 Foxfire                  Conj/Fire      0%           93%         1
 Magic Dart               Conj           0%           93%         1
 Sting                    Tmut/Pois      0%           93%         1
 Summon Small Mammal      Summ           0%           93%         1
 Blink                    Tloc           N/A          98%         2
 Call Imp                 Summ           0%           98%         2
 Ensorcelled Hibernation  Hex/Ice        0%           98%         2
 Poisonous Vapours        Pois/Air       0%           98%         2
 Slow                     Hex            0%           98%         2
 Wereblood                Tmut           0%           98%         2
 Call Canine Familiar     Summ           0%           100%        3
 Confusing Touch          Hex            0%           100%        3
 Conjure Flame            Conj/Fire      0%           100%        3
 Dazzling Flash           Conj/Hex       0%           100%        3
 Ignite Poison            Fire/Tmut/Pois 0%           100%        3
 Inner Flame              Hex/Fire       0%           100%        3
 Mephitic Cloud           Conj/Pois/Air  0%           100%        3
 Spider Form              Tmut/Pois      0%           100%        3
 Summon Guardian Golem    Hex/Summ       0%           100%        3
 Tukima's Dance           Hex            0%           100%        3
 Animate Dead             Necr           0%           100%        4
 Ice Form                 Ice/Tmut       0%           100%        4
 Olgreb's Toxic Radiance  Pois           0%           100%        4
 Summon Ice Beast         Ice/Summ       0%           100%        4
 Summon Lightning Spire   Summ/Air       0%           100%        4
 Blade Hands              Tmut           0%           100%        5
 Borgnjor's Vile Clutch   Necr/Erth      0%           100%        5
 Death Channel            Necr           0%           100%        6
 Simulacrum               Ice/Necr       0%           100%        6
 Ignition                 Fire           0%           100%        8


Dungeon Overview and Level Annotations

Branches:
Dungeon (15/15)            Temple (1/1) D:4            Lair (6/6) D:10
  Swamp (0/4) Lair:2       Spider (0/4) Lair:2        Slime (0/5) Lair:5
    Orc (1/2) D:9          Vaults (0/5) D:14         Depths (0/5) D:15
 Bailey (visited)

Altars:
Ashenzari
Cheibriados
Dithmenos
Elyvilon
Fedhas
Gozag
Hepliaklqana
Kikubaaqudgha
Makhleb
Nemelex Xobeh
Okawaru
Qazlal
Ru
Sif Muna
Trog
Uskayaw
Vehumet
Wu Jian
Xom
Yredelemnul
Zin
The Shining One
Jiyva

Shops:
D:4 (   D:8 (   Orc:1 *

Annotations:
D:6 2 transporters, 1 runed translucent door, Dracia's ghost, novice DDFi
D:11 exclusion: oklob plant
D:13 1 runed translucent door
Lair:1 exclusion: 4 oklob plants
Lair:3 exclusion: oklob plant
Lair:5 1 runed translucent door
Orc:1 Jorgrun


Innate Abilities, Weirdness & Mutations

You are resistant to torment.
Your stone body is resilient. (AC +12)
You are immune to poison.
Your large and strong wings let you fly indefinitely.
You resist negative energy. (rN+)
You are resistant to electric shocks. (rElec)
You can survive without breathing.
You are immune to petrification.
You are immune to miasma.
You are partially covered in thin metallic scales. (AC +2)
You are somewhat resistant to further mutation.
You occasionally shout uncontrollably at your foes.


Message History

Jorgrun is almost dead.
Jorgrun closely misses you. The grasping roots constrict you!
You closely miss Jorgrun.
Jorgrun is almost dead.
Jorgrun says, "'tis place shall be yer tomb!"
Jorgrun hits you with a +0 vorpal quarterstaff!
The grasping roots constrict you.
Your scale mail prevents you from hitting Jorgrun.
Jorgrun is almost dead.
You closely miss Jorgrun.
Jorgrun is almost dead.
Jorgrun falters for a moment.
The grasping roots constrict you!
You are too injured to fight recklessly!
You are too injured to fight recklessly!
You closely miss Jorgrun.
Jorgrun is almost dead.
Jorgrun casts a spell at you. The iron shot hits you!!!
* * * LOW HITPOINT WARNING * * *
You die...

.....#.......
............
.###.........##
..............#
..............#
.....#......... ##
#....$g[...... ##.#.
##.@).>.... #....
##..........
.....##.#...$..#$.
.......$..........
............#.....#####..
.............###.#.$.#...
....#.......#####........
....#..........#.#.......
........)...............^


You could see Jorgrun.

Vanquished Creatures
  A lich (D:13)
  Agnes (D:14)
  2 tengu reavers (D:13)
  Louise (D:13)
  2 dire elephants (Lair:6)
  The ghost of Jaiteiro the Blocker, a journeyman GnFi of the Shining One (D:14)
  The ghost of StoneSoupSpirit the Archer, a journeyman DsCK of Xom (D:13)
  Harold (D:8)
  4 vault guards (D:14)
  8 hydras
  Erolcha (Orc:1)
  A rakshasa (D:14)
  4 boulder beetles
  Erica (Lair:1)
  2 catoblepae (Lair:6)
  The ghost of StoneSoupSpirit the Blocker, a journeyman DsCK of Xom (D:12)
  3 centaur warriors
  A two-headed ogre (D:10)
  2 tengu warriors
  7 death yaks
  Nergalle (Lair:2)
  A hell knight (D:13)
  A deep elf knight (D:13)
  A fire crab (shapeshifter) (D:13)
  A titan skeleton (D:15)
  2 unseen horrors
  5 skeletal warriors
  A flayed ghost (D:15)
  2 lindwurms (Lair:6)
  2 necromancers
  A wizard (D:15)
  Pikel (D:6)
  5 orc knights
  2 orc sorcerers (Bailey)
  An oklob plant (Lair:1)
  A wolf spider (Lair:6)
  6 ugly things
  A frost giant zombie (D:15)
  4 manticores
  14 elephants
  2 cyclopes
  Maurice (Orc:1)
  A guardian serpent (Lair:6)
  6 black mambas
  3 centaur zombies
  3 gargoyles
  A centaur skeleton (D:14)
  22 cane toads
  Psyche (D:7)
  13 komodo dragons
  4 torpor snails (Lair:1)
  An efreet (D:15)
  3 rime drakes
  A guardian mummy (D:12)
  A yaktaur skeleton (D:15)
  A tengu conjurer (D:15)
  3 trolls
  2 polar bears (Lair:5)
  A polar bear (shapeshifter) (D:14)
  3 meliai (D:15)
  A deep troll zombie (D:15)
  3 hornets
  Prince Ribbit (D:7)
  21 slime creatures
  21 blink frogs
  6 dream sheep (Lair:6)
  4 redbacks (Lair:6)
  A shadow (D:11)
  A centaur simulacrum (D:13)
  5 wraiths
  8 spriggans (Lair:2)
  Sigmund (D:7)
  6 humans (D:7)
  59 yaks
  2 steam dragons
  13 wyverns
  4 vampire mosquitoes (D:15)
  7 basilisks
  An acid dragon (D:13)
  A soldier ant (D:15)
  24 water moccasins
  12 orc warriors
  3 black bears
  4 sky beasts
  5 ice beasts
  2 eyes of draining (D:10)
  2 phantoms
  4 boggarts (D:15)
  8 wolves
  10 ogres
  7 centaurs
  A lemure (D:5)
  2 big kobolds
  26 bullfrogs
  A wyvern zombie (D:11)
  A water moccasin zombie (D:10)
  A water moccasin skeleton (D:6)
  3 scorpions
  An oklob sapling (D:11)
  18 wights
  19 killer bees
  A howler monkey (D:9)
  5 electric eels (Bailey)
  2 quasits
  13 hounds
  5 jellies
  3 bullfrog skeletons
  2 bullfrog zombies
  6 orc priests
  6 iguanas
  4 orc wizards
  8 worker ants
  A killer bee zombie (D:10)
  A hound zombie (D:11)
  A hound skeleton (D:10)
  2 worker ant zombies (D:6)
  14 gnolls
  16 adders
  A shadow imp (D:7)
  3 white imps
  An ufetubus (D:7)
  An ooze (D:4)
  2 adder skeletons
  2 worms
  4 dart slugs
  4 leopard geckos
  46 orcs
  6 giant cockroaches
  23 goblins
  17 hobgoblins
  24 jackals
  7 quokkas
  8 ball pythons
  6 bats
  7 frilled lizards
  11 kobolds
  2 quokka skeletons
  7 rats
763 creatures vanquished.

Vanquished Creatures (others)
  43 fungi
  89 plants
  A withered plant (D:15)
133 creatures vanquished.

Grand Total: 896 creatures vanquished

Notes
Turn   | Place    | Note
-------+----------+-------------------------------------------
     0 | D:1      | Amaterasu the Gargoyle Fighter began the quest for the Orb.
     0 | D:1      | Reached XP level 1. HP: 14/14 MP: 1/1
   224 | D:1      | Reached XP level 2. HP: 20/20 MP: 2/2
   225 | D:1      | Reached skill level 2 in Axes
   362 | D:1      | Reached XP level 3. HP: 24/24 MP: 3/3
   928 | D:2      | Found a white marble altar of Elyvilon.
  1145 | D:2      | Reached skill level 3 in Axes
  1145 | D:2      | Reached XP level 4. HP: 27/30 MP: 4/4
  1221 | D:2      | Found a glowing golden altar of the Shining One.
  1221 | D:2      | Found a broken altar of Ashenzari.
  1222 | D:2      | Found a shimmering blue altar of Sif Muna.
  2048 | D:3      | Reached XP level 5. HP: 31/34 MP: 5/5
  2218 | D:3      | Reached skill level 4 in Axes
  2748 | D:4      | Noticed an ogre
  2755 | D:4      | Killed an ogre
  2756 | D:4      | Reached skill level 5 in Fighting
  2756 | D:4      | Reached XP level 6. HP: 40/40 MP: 6/6
  2821 | D:4      | Found a staircase to the Ecumenical Temple.
  2830 | D:4      | Found Qach's Weapon Shop.
  2844 | Temple   | Entered the Ecumenical Temple
  2885 | Temple   | Became a worshipper of Makhleb the Destroyer
  3051 | D:4      | Noticed a phantom
  3104 | D:4      | Killed a phantom
  3105 | D:4      | Reached skill level 5 in Axes
  3178 | D:4      | Reached skill level 1 in Evocations
  3189 | D:4      | Reached skill level 1 in Dodging
  3215 | D:4      | Reached XP level 7. HP: 44/44 MP: 7/7
  3584 | D:5      | Entered Level 5 of the Dungeon
  3645 | D:5      | Reached skill level 5 in Armour
  3748 | D:5      | Reached * piety under Makhleb
  3826 | D:5      | Found a shadowy altar of Dithmenos.
  3848 | D:5      | Reached XP level 8. HP: 36/49 MP: 8/8
  4034 | D:5      | Found an ornate altar of the Wu Jian Council.
  4558 | D:6      | Noticed Pikel
  4561 | D:6      | Reached skill level 6 in Axes
  4654 | D:6      | Found a transporter.
  4655 | D:6      | Noticed a kobold demonologist
  4658 | D:6      | Noticed a kobold demonologist
  4673 | D:6      | Found a transporter.
  4700 | D:6      | Killed Pikel
  4701 | D:6      | Reached skill level 7 in Axes
  4791 | D:6      | Reached XP level 9. HP: 49/55 MP: 9/9
  5057 | D:6      | Reached ** piety under Makhleb
  5182 | D:6      | Reached skill level 8 in Axes
  5396 | D:6      | Found an ancient bone altar of Kikubaaqudgha.
  5409 | D:6      | Found a stormy altar of Qazlal.
  5448 | D:6      | Found a runed translucent door.
  5450 | D:6      | Noticed Dracia's ghost (novice DDFi)
  5747 | D:7      | Noticed Sigmund
  5747 | D:7      | Noticed Psyche
  5824 | D:7      | Killed Psyche
  5829 | D:7      | Killed Sigmund
  5830 | D:7      | Reached XP level 10. HP: 60/64 MP: 10/10
  5906 | D:7      | Reached skill level 5 in Evocations
  5996 | D:7      | Found a radiant altar of Vehumet.
  6001 | D:7      | Reached skill level 5 in Dodging
  6026 | D:7      | Noticed Prince Ribbit
  6141 | D:7      | Reached *** piety under Makhleb
  6282 | D:7      | Killed Prince Ribbit
  6733 | D:8      | Found Nakusi's Antique Weapon Boutique.
  7012 | D:8      | Noticed Harold
  7061 | D:8      | Killed Harold
  7062 | D:8      | Reached skill level 9 in Axes
  7066 | D:8      | Reached XP level 11. HP: 34/71 MP: 11/11
  7953 | D:9      | Identified the Handbook of the Dozen Hosts
  8064 | D:9      | Found a staircase to the Orcish Mines.
  8302 | D:9      | Reached skill level 10 in Axes
  8712 | D:9      | Found a glowing silver altar of Zin.
  8766 | D:10     | Entered Level 10 of the Dungeon
  8787 | D:10     | Reached **** piety under Makhleb
  8825 | D:10     | Found a staircase to the Lair.
  8886 | D:10     | Noticed a centaur warrior
  8905 | D:10     | Killed a centaur warrior
  9267 | D:10     | Noticed a two-headed ogre
  9274 | D:10     | Killed a two-headed ogre
  9275 | D:10     | Reached skill level 10 in Fighting
  9275 | D:10     | Reached skill level 11 in Axes
  9541 | D:10     | Identified a scroll of acquirement
  9541 | D:10     | Acquired the amulet of the Invisible Curses {rPois Regen+
                  | MP+9 Str+4 Int-3}
  9577 | Lair:1   | Entered Level 1 of the Lair of Beasts
  9674 | Lair:1   | Noticed Erica
  9701 | Lair:1   | Killed Erica
  9768 | Lair:1   | Noticed an oklob plant
  9817 | Lair:1   | Reached XP level 12. HP: 77/77 MP: 12/12
  9838 | Lair:1   | Reached ***** piety under Makhleb
  9962 | Lair:1   | Noticed an eight-headed hydra
  9970 | Lair:1   | Killed an eight-headed hydra
 10022 | Lair:1   | Found a snail-covered altar of Cheibriados.
 10765 | Lair:1   | Gained mutation: You expend magic power (3 MP) to
                  | strengthen your wands. [potion of mutation]
 10765 | Lair:1   | Gained mutation: You can translocate small distances at
                  | will. [potion of mutation]
 10766 | Lair:1   | Lost mutation: You can translocate small distances at will.
                  | [potion of mutation]
 10766 | Lair:1   | Lost mutation: You expend magic power (3 MP) to strengthen
                  | your wands. [potion of mutation]
 10766 | Lair:1   | Gained mutation: You occasionally shout uncontrollably at
                  | your foes. [potion of mutation]
 10766 | Lair:1   | Gained mutation: You are partially covered in thin metallic
                  | scales. (AC +2) [potion of mutation]
 10766 | Lair:1   | Gained mutation: You are somewhat resistant to further
                  | mutation. [potion of mutation]
 11013 | Lair:2   | Found a hole to the Spider Nest.
 11097 | Lair:2   | Found a staircase to the Swamp.
 11487 | Lair:2   | Noticed Nergalle
 11503 | Lair:2   | Killed Nergalle
 11512 | Lair:2   | Reached XP level 13. HP: 82/82 MP: 13/13
 11625 | Lair:2   | Reached skill level 12 in Axes
 12527 | Lair:3   | Reached skill level 13 in Axes
 13646 | Lair:5   | Found a runed translucent door.
 13646 | Lair:5   | Found a viscous altar of Jiyva.
 13651 | Lair:5   | Found a staircase to the Slime Pits.
 13724 | Lair:5   | Reached ****** piety under Makhleb
 13855 | Lair:5   | Gained mutation: Your large and strong wings let you fly
                  | indefinitely. [Gargoyle growth]
 13855 | Lair:5   | Reached XP level 14. HP: 88/91 MP: 14/14
 13878 | Lair:5   | Reached skill level 14 in Axes
 14470 | Lair:6   | Entered Level 6 of the Lair of Beasts
 15497 | D:4      | Bought the +10 war axe of Greed {venom, rC+ rN+} for 941
                  | gold pieces
 15877 | Lair:6   | Reached skill level 10 in Armour
 16298 | Lair:6   | Noticed a dire elephant
 16316 | Lair:6   | Killed a dire elephant
 16349 | Lair:6   | Noticed a dire elephant
 16351 | Lair:6   | Found the +9 sword of Zonguldrok {reap}
 16363 | Lair:6   | Killed a dire elephant
 16366 | Lair:6   | Reached skill level 10 in Evocations
 16906 | D:11     | Reached XP level 15. HP: 96/96 MP: 15/15
 17149 | D:11     | Got a transparent ivory ring
 17795 | D:12     | Found a flagged portal.
 17802 | Bailey   | Entered a bailey
 17949 | Bailey   | Found an iron altar of Okawaru.
 18350 | D:12     | Noticed StoneSoupSpirit's ghost (journeyman DsCK)
 18360 | D:12     | Found a runed translucent door.
 18614 | D:12     | Found a portal to a secret trove of treasure.
 18628 | Trove    | Entered a treasure trove
 18648 | Trove    | Got a slimy marble ring
 18650 | Trove    | Got a scorched pewter ring
 18653 | Trove    | Got a flickering glass ring
 18675 | Trove    | Got a scorched broad axe
 18680 | Trove    | Identified the +7 broad axe of Fortitude {antimagic, Str+8}
                  | (You found it in a treasure trove)
 18681 | Trove    | Acquired a +0 vampiric broad axe
 18696 | Trove    | Identified the ring "Rifesh" {rN+ Dex+3} (You found it in a
                  | treasure trove)
 18697 | Trove    | Identified the ring of Qare {Ice *Contam rElec Str+3
                  | Stlth+} (You found it on level 11 of the Dungeon)
 18704 | D:12     | Identified the ring "Vuojopit" {+Inv MP+9 Str+6 Dex-3} (You
                  | found it in a treasure trove)
 18706 | D:12     | Identified the ring "Imuzilal" {rF++ MP+9 Str+3 Int+6
                  | Stlth+} (You found it in a treasure trove)
 19092 | D:12     | Killed StoneSoupSpirit's ghost
 19159 | D:13     | Noticed Louise
 19192 | D:13     | Killed Louise
 19400 | D:13     | Found a runed translucent door.
 19457 | D:13     | Found a runed translucent door.
 19461 | D:13     | Noticed a tengu reaver
 19463 | D:13     | Noticed a tengu reaver
 19463 | D:13     | Noticed a lich
 19626 | D:13     | Noticed StoneSoupSpirit's ghost (journeyman DsCK)
 19930 | D:13     | Killed StoneSoupSpirit's ghost
 19941 | D:13     | Killed a tengu reaver
 19949 | D:13     | Killed a tengu reaver
 19978 | D:13     | Killed a lich
 19979 | D:13     | Reached skill level 15 in Axes
 20225 | D:14     | Reached XP level 16. HP: 104/104 MP: 16/16
 20226 | D:14     | Noticed Agnes
 20235 | D:14     | Killed Agnes
 20281 | D:14     | Found a gate to the Vaults.
 20311 | D:14     | You are sucked into a shaft and drop 1 floor!
 20311 | D:15     | Entered Level 15 of the Dungeon
 20311 | D:15     | Found a staircase to the Depths.
 20353 | D:15     | Reached skill level 16 in Axes
 21040 | D:14     | Found a large runed translucent door.
 21040 | D:14     | Found a large runed translucent door.
 21042 | D:14     | Noticed Jaiteiro's ghost (journeyman GnFi)
 21298 | D:14     | Killed Jaiteiro's ghost
 21847 | Orc:1    | Entered Level 1 of the Orcish Mines
 21863 | Orc:1    | Noticed Erolcha
 21865 | Orc:1    | Found Deraokk's Assorted Antiques.
 21873 | Orc:1    | Killed Erolcha
 21880 | Orc:1    | Noticed Maurice
 21892 | Orc:1    | Killed Maurice
 21900 | Orc:1    | Noticed Jorgrun
 21920 | Orc:1    | HP: 3/106 [Jorgrun/iron shot (41)]
 21920 | Orc:1    | Slain by Jorgrun

Illustrated notes

Levels and vault maps discovered:
D:1:      dpeg_arrival_triangle_fractal, layout_loops_ring
D:2:      layout_basic, lemuel_round_altar,
          chequers_temple_overflow_statue_of_worship
D:3:      layout_basic
D:4:      layout_gridville, temple_green, serial_shops, shop
D:5:      layout_cave_pools, old_standard_altar, nicolae_dithmenos_shadow_blocks
D:6:      gammafunk_wand_slinger, layout_loops_ring, overflow_temple_1_default,
          grunt_qazlal_sundering, ebering_ghost_reflecting_pool,
          hangedman_decor_points, uniq_pikel
D:7:      erik_cavepeople, layout_gridville, vehumet_altar_wand_db,
          uniq_prince_ribbit1
D:8:      layout_basic, serial_shops, kennysheep_mini_moat, uniq_harold
D:9:      layout_irregular_city, zin_treasury, orc_0_dummy
D:10:     layout_rooms, lair_entry_dummy, lightli_fourway_metalbox
D:11:     layout_irregular_city, introduction_to_nature_2
D:12:     layout_basic, hellmonk_ghost_happy_afterlife,
          nicolae_trove_entry_path_of_doom, enter_bailey_3, corexii_corridor_pit
D:13:     layout_basic, muffindrake_ghost_dual_entry, kennysheep_doodads,
          sword_in_stone
D:14:     layout_loops_corners, lightli_vaults_fourway_checkpoint,
          kennysheep_boxes, ebering_ghost_disaster_area, uniq_agnes
D:15:     gammafunk_depths_entry_grave, layout_cave_pools, minivault_23
Temple:   eino_temple_lava
Lair:1:   dpeg_oklob_gauntlet, layout_regular_city, kennysheep_snail_temple,
          minmay_lair_oklob_chamber, uniq_erica
Lair:2:   kb_forest_paths, layout_cellular_growth, swamp_mist_pool,
          spider_nest_entry_web_field, uniq_nergalle
Lair:3:   layout_gridlike, chequers_serial_rivers_small_3,
          minmay_lair_oklob_items, grunt_megastairs_2
Lair:4:   layout_roguey
Lair:5:   layout_cave_pods, slime_altar_2, beast_lair_carwin_6
Lair:6:   hangedman_lair_tendril_chambers, layout_gridlike,
          hangedman_lair_in_review
Orc:1:    layout_caves, serial_shops, shop, uniq_jorgrun, uniq_fannar,
          uniq_erolcha, uniq_maurice

Skill      XL: |  1  2  3  4  5  6  7  8  9 10 11 12 13 14 15 16 |
---------------+-------------------------------------------------+-----
Axes           | 2 3 4 5 7 8 9 11 13 14 15 16 | 16.5
Fighting       | 4 5 8 9 10 11 12 13 14 | 14.0
Evocations     | 1 3 4 6 9 10 12 | 12.0
Dodging        | 1 3 4 5 7 9 |  9.0
Armour         | 4 5 6 7 9 11 | 11.0
Shields        | |  3.2

Action                   |  1- 3 |  4- 6 |  7- 9 | 10-12 | 13-15 | 16-18 || total
-------------------------+-------+-------+-------+-------+-------+-------++-------
Melee: War axe           |   156 |   173 |   359 |   893 |  1181 |    26 ||  2788
       Broad axe         |       |       |       |       |       |   185 ||   185
 Abil: Fly               |       |       |       |       |     1 |       ||     1
Evoke: Wand              |       |     5 |     1 |    10 |    19 |     6 ||    41
       Condenser vane    |       |       |       |       |       |     1 ||     1
  Use: Scroll            |     3 |     3 |     8 |    13 |     8 |     1 ||    36
       Potion            |       |       |     3 |     4 |     3 |     1 ||    11
 Stab: Invisible         |       |       |     1 |     1 |       |       ||     2
       Petrified         |       |       |       |       |     4 |       ||     4
Armor: Scale mail        |   106 |    92 |   151 |   308 |   528 |   123 ||  1308
       Plate armour      |       |       |    74 |   184 |       |       ||   258
Dodge: Dodged            |    66 |    50 |   118 |   292 |   527 |   103 ||  1156
Block: Kite shield       |   110 |    94 |   211 |   513 |   586 |   153 ||  1667
